 Dungeon Crawl Stone Soup version 0.31-a0-978-g1e143483b6 (webtiles) character file.

Game seed: 5831580162039698922

3075 stickyfingers the Fighter (level 9, -5/76 HPs)
             Began as a Mummy Cinder Acolyte on Oct 30, 2023.
             Was a High Priest of Ignis.
             Killed from afar by an acid dragon (7 damage)
             ... with a splash of acid
             ... on level 9 of the Dungeon.
             The game lasted 00:11:02 (6043 turns).

stickyfingers the Fighter (Mummy Cinder Acolyte)    Turns: 6043, Time: 00:11:03

Health: -5/76      AC: 19    Str: 22    XL:     9   Next: 58%
Magic:  0/11       EV:  9    Int: 13    God:    Ignis [*****.]
Gold:   313        SH:  0    Dex: 12    Spells: 10/10 levels left

rFire   . . .        y - +0 whip (venom)
rCold   + . .        (no shield)
rNeg    + + +        z - +6 scale mail of the Baleful God {Str+5}
rPois   ∞            q - +0 helmet
rElec   .            (no cloak)
rCorr   +            i - +0 pair of gloves
SInv    .            D - +0 pair of boots
Will    +....        p - amulet of guardian spirit Stlth
                     o - ring of resist corrosion
HPRegen 0.32/turn    (no ring)
MPRegen 0.12/turn

%: guardian spirit, faith
@: corroded, fiery-armoured
A: cold resistance 1, negative energy resistance 3, torment resistance 2, heat
vulnerability 1, in touch with death 1, no potions, faith
a: Renounce Religion, Fiery Armour, Foxfire Swarm, Rising Flame


You were on level 9 of the Dungeon.
You worshipped Ignis.
Ignis was extremely pleased with you.
You visited 1 branch of the dungeon, and saw 9 of its levels.

You collected 313 gold pieces.

Inventory:

Hand Weapons
 b - a +1 whip of freezing
   (You took it off Pikel on level 5 of the Dungeon)
 y - a +0 whip of venom (weapon)
   (You took it off an orc on level 5 of the Dungeon)
 F - a +0 morningstar
   (You took it off an orc on level 7 of the Dungeon)
Missiles
 f - 50 stones
 m - a throwing net
 v - 2 boomerangs
 B - 2 poisoned darts
Armour
 i - a +0 pair of gloves (worn)
   (You found it on level 2 of the Dungeon)
 q - a +0 helmet (worn)
   (You found it on level 3 of the Dungeon)
 t - a +0 kite shield
   (You found it on level 3 of the Dungeon)
 x - a +2 robe of fire resistance
   (You found it on level 4 of the Dungeon)
 z - the +6 scale mail of the Baleful God (worn) {Str+5}
   (You found it on level 5 of the Dungeon)

   Str+5:     It affects your strength (+5).
 C - the +5 kite shield of the True Pharaoh {Stlth+}
   (You found it on level 6 of the Dungeon)

   Stlth+:    It makes you more stealthy.
 D - a +0 pair of boots (worn)
   (You found it on level 6 of the Dungeon)
Jewellery
 l - a ring of ice
   (You found it on level 2 of the Dungeon)
 o - a ring of resist corrosion (left hand)
   (You found it on level 3 of the Dungeon)
 p - an amulet of guardian spirit (around neck)
   (You found it on level 3 of the Dungeon)
Wands
 a - a wand of acid (1)
   (You found it on level 9 of the Dungeon)
 w - a wand of roots (11)
   (You took it off an orc on level 4 of the Dungeon)
Scrolls
 c - 5 scrolls of teleportation {unknown}
 d - a scroll of enchant weapon {unknown}
 e - a scroll of fog {unknown}
 g - a scroll of poison {unknown}
 h - 2 scrolls of fear {unknown}
 j - a scroll of vulnerability {unknown}
 k - 3 scrolls of immolation {unknown}
 n - 2 scrolls of enchant armour {unknown}
 r - 4 scrolls of revelation {unknown}
 s - a scroll of brand weapon {unknown}
 u - 5 scrolls of identify {unknown}
 A - a scroll of summoning {unknown}
 E - a scroll of torment {unknown}


   Skills:
 + Level 9.1 Fighting
 + Level 8.4 Maces & Flails
 * Level 3.1 Armour
 - Level 1.3 Spellcasting
 - Level 2.4 Fire Magic


You had 10 spell levels left.
You didn't know any spells.
Your spell library contained the following spells:

 Spells                   Type           Power      Damage    Failure   Level
 Scorch                   Fire           14%        2d5       36%         2
 Freeze                   Ice            0%         1d3       56%         1
 Ensorcelled Hibernation  Hex/Ice        0%         N/A       71%         2
 Passwall                 Tmut/Erth      0%         N/A       71%         2
 Volatile Blastmotes      Fire/Tloc      8%         2d10      78%         3
 Frozen Ramparts          Ice            0%         1d1       91%         3
 Hailstorm                Conj/Ice       0%         3d3       91%         3
 Swiftness                Air            0%         N/A       91%         3
 Fulminant Prism          Conj/Hex       0%         3d5       100%        4
 Iskenderun's Mystic Bla  Conj/Tloc      0%         2d3       100%        4


Dungeon Overview and Level Annotations

Branches:
Dungeon (10/15)            Temple (0/1) D:6
   Lair: D:8-11         Orc: D:9-12

Altars:
Gozag
Qazlal
Vehumet

Shops:
D:9 =   D:10 *

Annotations:
D:9 2 exclusions


Innate Abilities, Weirdness & Mutations

You are immune to poison.
Your flesh is cold resistant. (rC+)
You are immune to negative energy. (rN+++)
You are immune to unholy pain and torment.
You are vulnerable to heat. (rF-)
You are in touch with the powers of death.
You do not drink.
You have a special connection with the divine. (Faith)


Message History

Unknown command.
You hit the orc priest.
The orc priest is moderately wounded.
The orc priest barely misses you.
The orc priest hits you but does no damage.
You closely miss the orc priest.
The orc priest is moderately wounded.
The orc priest hits you but does no damage. x2
You closely miss the orc priest.
The orc priest is moderately wounded.
You hear the steady creaking of a distant portcullis.
Unknown command.
You hit the orc priest but do no damage.
The orc priest is moderately wounded.
The orc priest hits you but does no damage. x2
The acid dragon bites you but does no damage.
The acid dragon claws you but does no damage.
You hit the orc priest but do no damage.
The orc priest is moderately wounded.
The orc priest barely misses you.
The orc priest hits you with a +0 trident.
The acid dragon barely misses you.
The acid dragon claws you but does no damage.
You hit the orc priest.
The orc priest is poisoned.
The orc priest is heavily wounded.
You closely miss the orc priest.
The orc priest is heavily wounded.
The acid dragon spits acid at you. The splash of acid hits you. You resist.
The acid corrodes you!
The orc priest hits you but does no damage.
The orc priest calls upon Beogh to heal the orc priest.
The orc priest is healed somewhat.
You hear a shout!
You hear a roar!
You hit the orc priest but do no damage.
The orc priest looks as sick as possible!
The orc priest is heavily wounded.
The orc priest hits you with a +0 trident.
The acid dragon bites you.
The acid dragon claws you but does no damage.
The orc priest mumbles some strange prayers to Beogh against you.
Beogh smites you!
* * * LOW HITPOINT WARNING * * *
You hit the orc priest.
The orc priest looks as sick as possible!
The orc priest is severely wounded.
You kill the orc priest!
Unknown command.
A protective cloak of flame settles atop you.
The orc priest hits you with a +0 trident.
* * * LOW HITPOINT WARNING * * *
The orc priest is burned by your cloak of flames.
The orc priest is heavily wounded.
The acid dragon bites you but does no damage.
The acid dragon is burned by your cloak of flames.
The acid dragon is lightly wounded.
The acid dragon claws you.
* * * LOW HITPOINT WARNING * * *
The acid dragon is burned by your cloak of flames.
The acid dragon is moderately wounded.
Unknown command.
You hit the orc priest but do no damage.
The orc priest is heavily wounded.
The orc priest hits you but does no damage.
The orc priest is burned by your cloak of flames.
The orc priest is heavily wounded.
The kobold hits you but does no damage.
The kobold is burned by your cloak of flames.
You kill the kobold!
The acid dragon closely misses you.
The acid dragon claws you but does no damage.
You hit the acid dragon but do no damage.
The acid dragon is moderately wounded.
You barely miss the acid dragon.
The acid dragon is moderately wounded.
The orc priest hits you with a +0 trident.
* * * LOW HITPOINT WARNING * * *
The orc priest is burned by your cloak of flames.
The orc priest is severely wounded.
The acid dragon barely misses you.
The acid dragon claws you but does no damage.
The acid dragon is burned by your cloak of flames.
The acid dragon is heavily wounded.
The steam dragon bites you but does no damage.
The steam dragon is burned by your cloak of flames.
The steam dragon is lightly wounded.
The steam dragon claws you but does no damage.
Unknown command.
You hit the acid dragon but do no damage.
The acid dragon is heavily wounded.
The orc priest hits you with a +0 trident.
* * * LOW HITPOINT WARNING * * *
The orc priest is burned by your cloak of flames.
You kill the orc priest!
The steam dragon closely misses you.
The steam dragon claws you but does no damage.
The steam dragon is burned by your cloak of flames.
The steam dragon is moderately wounded.
The acid dragon spits acid at you. The splash of acid hits you! You resist.
You die...

#......#g#D..#.#D#
####.###.##.#...o.#.# #.g..#
#))o)#######)#
##.######)##### #.# #..#
#...).).# #§#
...........##.#.###.######§#
.o....####g##.#.#
#.....##§#### !..... ...
#.#######+##....# .....
.h.#@).............# #####
....#DD.............#
..8...o..............#
...############### .<..#
.....# .∩...8# .......#


You could see a steam dragon, an acid dragon (catching breath) and an orc.

Vanquished Creatures
  Pikel (D:5)
  Prince Ribbit (D:5)
  4 yaks (D:9)
  Menkaure (D:5)
  3 water moccasins (D:5 D:6)
  An orc warrior (D:6)
  3 ice beasts (D:5 D:6)
  2 ogres (D:5 D:6)
  2 lemures (D:5)
  A kobold brigand (D:9)
  A gnoll sergeant (D:9)
  3 scorpions (D:4 D:6 D:5)
  3 howler monkeys (D:5 D:9)
  3 orc priests (D:6 D:9)
  3 hounds (D:5)
  A sleepcap (D:6)
  2 iguanas (D:6)
  An orc wizard (D:9)
  2 gnolls (D:9)
  7 adders (D:2 D:3 D:5)
  A worm (D:3)
  4 dart slugs (D:2 D:4 D:5)
  22 orcs (D:4 D:5 D:6 D:7 D:9)
  8 ball pythons (D:1 D:2 D:3)
  4 endoplasms (D:1 D:4)
  2 giant cockroaches (D:1)
  3 goblins (D:1 D:2 D:4)
  9 hobgoblins (D:1 D:2 D:3 D:4)
  5 jackals (D:1 D:3)
  10 kobolds (D:1 D:2 D:3 D:9)
  A quokka (D:4)
  3 bats (D:1)
  4 frilled lizards (D:1 D:3)
  10 rats (D:1 D:2 D:3)
131 creatures vanquished.

Vanquished Creatures (others)
  2 orcs (D:9)
  An endoplasm (D:3)
3 creatures vanquished.

Grand Total: 134 creatures vanquished

Notes
Turn   | Place    | Note
-------+----------+-------------------------------------------
     0 | D:1      | stickyfingers the Mummy Cinder Acolyte began the quest for
                  | the Orb.
     0 | D:1      | Reached XP level 1. HP: 18/18 MP: 2/2
    66 | D:1      | Reached skill level 3 in Maces & Flails
    66 | D:1      | Reached XP level 2. HP: 14/24 MP: 4/4
   417 | D:1      | Found a faded altar of an unknown god.
   422 | D:1      | Reached XP level 3. HP: 28/29 MP: 5/5
  1040 | D:2      | Found a stormy altar of Qazlal.
  1211 | D:2      | Reached skill level 4 in Maces & Flails
  1319 | D:2      | Reached XP level 4. HP: 30/35 MP: 6/6
  1974 | D:3      | Found a radiant altar of Vehumet.
  2304 | D:4      | Noticed a scorpion
  2313 | D:4      | Killed a scorpion
  2314 | D:4      | Reached XP level 5. HP: 27/42 MP: 7/7
  2973 | D:5      | Entered Level 5 of the Dungeon
  3042 | D:5      | Noticed a lemure
  3042 | D:5      | Noticed a lemure
  3043 | D:5      | Noticed Pikel
  3043 | D:5      | Noticed a lemure
  3074 | D:5      | Killed a lemure
  3082 | D:5      | Killed a lemure
  3138 | D:5      | Noticed a lemure
  3163 | D:5      | HP: 10/42 [Pikel/+1 whip of freezing (5)]
  3166 | D:5      | Killed Pikel
  3167 | D:5      | Reached skill level 5 in Fighting
  3167 | D:5      | Reached skill level 5 in Maces & Flails
  3167 | D:5      | Reached XP level 6. HP: 13/52 MP: 4/8
  3167 | D:5      | Reached XP level 7. HP: 14/57 MP: 4/9
  3350 | D:5      | Identified the +6 scale mail of the Baleful God {Str+5}
  3361 | D:5      | Noticed Prince Ribbit
  3378 | D:5      | Killed Prince Ribbit
  3379 | D:5      | Reached skill level 6 in Fighting
  3379 | D:5      | Reached skill level 6 in Maces & Flails
  3552 | D:5      | Found an opulent altar of Gozag.
  3698 | D:5      | HP: 13/58 [ogre/+0 giant spiked club (20)]
  4394 | D:5      | Reached XP level 8. HP: 61/65 MP: 10/10
  4443 | D:6      | Noticed Menkaure
  4476 | D:5      | Reached skill level 7 in Fighting
  4634 | D:5      | Reached skill level 7 in Maces & Flails
  4747 | D:6      | Reached skill level 8 in Fighting
  4918 | D:6      | Identified the +5 kite shield of the True Pharaoh {Stlth+}
  5058 | D:5      | HP: 17/69 [Menkaure (8)]
  5059 | D:5      | Killed Menkaure
  5060 | D:5      | Reached XP level 9. HP: 15/75 MP: 2/11
  5269 | D:6      | Found a staircase to the Ecumenical Temple.
  5328 | D:6      | Reached skill level 8 in Maces & Flails
  5709 | D:7      | You fall into a shaft and drop 3 floors!
  5709 | D:10     | Entered Level 10 of the Dungeon
  5741 | D:10     | Found Naofaux's Demolitions Depot.
  5911 | D:9      | Reached skill level 1 in Armour
  5933 | D:9      | Reached skill level 2 in Armour
  5945 | D:9      | Reached skill level 9 in Fighting
  6007 | D:9      | Reached skill level 3 in Armour
  6025 | D:9      | Found Woabuhenn's Jewellery Shoppe.
  6037 | D:9      | HP: 14/76 [orc priest/divine providence (11)]
  6042 | D:9      | HP: 7/76 [orc priest/+0 trident (5)]
  6043 | D:9      | HP: 2/76 [orc priest/+0 trident (5)]
  6043 | D:9      | Killed from afar by an acid dragon

Illustrated notes

Levels and vault maps discovered:
D:1:      lemuel_arrival_river_ford, layout_basic,
          shapermc_ecumenical_altar_acropolis, st_stairs_13, minmay_domino_2
D:2:      layout_basic, basic_altar
D:3:      layout_rooms, fiery_altar_vehumet, chequers_serial_rivers_small_b
D:4:      layout_cave_pools, dreamdust_divine_triumvirate
D:5:      layout_loops_corners, mainiacjoe_overflow_paths, uniq_pikel,
          uniq_prince_ribbit1
D:6:      layout_cave_pools, minmay_temple_entry_statues_pillars,
          skrybe_limestone_x, uniq_menkaure
D:7:      layout_loops_corners, nzn_wu_jian_council_hall, serial_shops, shop,
          grunt_ministairs_8
D:9:      layout_basic, erik_orc_1, enter_bailey_3, serial_shops,
          nicolae_stop_n_shop_1
D:10:     layout_basic, gammafunk_ghost_cemetery, nicolae_blasting_shop,
          eino_house_with_fridge

Skill      XL: |  1  2  3  4  5  6  7  8  9 |
---------------+----------------------------+-----
Maces & Flails | 3 4 5 6 7 8 |  8.4
Fighting       | 5 6 8 9 |  9.1
Armour         | 3 |  3.1
Spellcasting   | |  1.3
Fire Magic     | |  2.4

Action                     |  1- 3 |  4- 6 |  7- 9 || total
---------------------------+-------+-------+-------++-------
  Melee: Mace              |   100 |    12 |       ||   112
         Short sword       |       |   120 |    22 ||   142
         Whip              |       |       |   351 ||   351
         Punch             |       |       |     7 ||     7
 Invoke: Fiery Armour      |       |       |     2 ||     2
   Stab: Sleeping          |     1 |       |       ||     1
 Armour: Robe              |    36 |    17 |    17 ||    70
         Ring mail         |    21 |    66 |       ||    87
         Scale mail        |       |       |   229 ||   229
  Dodge: Dodged            |    73 |    68 |   124 ||   265

Table legend: (Time is in decaauts)
 A = Elapsed time spent in this place.
 B = Non-inter-level travel time spent in this place.
 C = Inter-level travel time spent in this place.
 D = Time resting spent in this place.
 E = Time spent auto-exploring this place.
 F = Levels seen in this place.
 G = Mean time per level.
                   A        B        C        D        E       F      G
               +--------+--------+--------+--------+--------+-----+--------+
         Total |   5984 |   5526 |    458 |    257 |   3908 |   9 |  664.9 |
       Dungeon |   5984 |   5526 |    458 |    257 |   3908 |   9 |  664.9 |
               +--------+--------+--------+--------+--------+-----+--------+

Top non-repeatable levels by time:
     D:5: 1948 daAuts
     D:2: 938 daAuts
     D:1: 842 daAuts
     D:4: 696 daAuts
     D:6: 692 daAuts
     D:3: 531 daAuts
     D:9: 259 daAuts
     D:7: 41 daAuts
    D:10: 33 daAuts
